 Dungeon Crawl Stone Soup version 0.23.2 (webtiles) character file.

Game seed: 14139560911020612267

179 Kairos the Skirmisher (level 5, -7/43 HPs)
             Began as a Formicid Abyssal Knight on Apr 9, 2019.
             Was a Believer of Lugonu.
             Killed by divine providence
             ... invoked by an orc priest
              (16 damage)
             ... on level 4 of the Dungeon.
             The game lasted 00:04:17 (2781 turns).

Kairos the Skirmisher (Formicid Abyssal Knight)     Turns: 2781, Time: 00:04:17

Health: -7/43      AC:  6    Str: 17    XL:     5   Next: 90%
Magic:  6/6        EV:  9    Int: 12    God:    Lugonu [**....]
Gold:   129        SH:  0    Dex: 10    Spells: 4/4 levels left

rFire    . . .     SeeInvis +   a - +1 spear
rCold    . . .     Gourm    .   (no shield)
rNeg     . . .     Faith    .   k - +0 scale mail
rPois    .         Spirit   .   (helmet unavailable)
rElec    .         Reflect  .   (no cloak)
rCorr    .         Harm     +   (no gloves)
MR       .....                  (no boots)
Stlth    ..........             v - amulet of harm
HPRegen  0.14/turn              (no ring)
MPRegen  0.10/turn              (no ring)

@: no status effects
A: permanent stasis, dig shafts and tunnels, four strong arms, antennae 3, sense
surroundings 1, wild magic 1
a: Dig, Shaft Self, Depart the Abyss, Bend Space, Renounce Religion


You were on level 4 of the Dungeon.
You worshipped Lugonu.
Lugonu was pleased with you.
You were not hungry.

You visited 1 branch of the dungeon, and saw 4 of its levels.
You visited the Abyss 1 time.

You collected 129 gold pieces.

Inventory:

Hand Weapons
 a - a +1 spear (weapon)
Armour
 b - a +0 leather armour
 g - a +0 ring mail
 k - a +0 scale mail (worn)
Magical Staves
 e - an uncursed staff of energy
Jewellery
 d - an uncursed amulet of regeneration
 h - a +5 amulet of reflection
 v - an amulet of harm (around neck)
Scrolls
 i - a scroll of amnesia
 l - a scroll of fear {unknown}
 m - 3 scrolls of teleportation {unknown}
 n - a scroll of remove curse {unknown}
 o - a scroll of magic mapping {unknown}
 q - 2 scrolls of identify
 t - a scroll of noise {unknown}
 u - a scroll of immolation {unknown}
Potions
 f - a potion of curing
 j - a potion of flight
 p - a potion of haste {unknown}
 r - a potion of berserk rage {unknown}
 s - a potion of heal wounds {unknown}
Comestibles
 c - 8 rations


   Skills:
 + Level 4.5 Fighting
 + Level 4.5 Polearms
 + Level 2.6 Armour
 + Level 1.1 Dodging
 + Level 2.2 Invocations


You had 4 spell levels left.
You didn't know any spells.
Your spell library was empty.

Dungeon Overview and Level Annotations

Branches:
Dungeon (4/15)
 Temple: D:4-7

Altars:
Hepliaklqana
Makhleb
Ru
Yredelemnul
Zin


Innate Abilities, Weirdness & Mutations

You cannot be hasted, slowed, berserked, paralysed or teleported.
You can dig through walls and to a lower floor.
Your four strong arms can wield two-handed weapons with a shield.
You have a pair of large antennae on your head. (SInv)
You passively map a small area around you.
Your spells are a little harder to cast, but a little more powerful.


Message History

The hound bites you but does no damage. The hound bites you but does no damage.
The hound bites you but does no damage.
The orc priest calls down the wrath of Beogh upon you.
Beogh smites you!
The orc priest calls down the wrath of Beogh upon you.
Beogh smites you!
* * * LOW HITPOINT WARNING * * *
The hound bites you but does no damage.
The orc priest miscasts a cantrip.
The hound bites you but does no damage. The hound closely misses you.
The hound barely misses you. The hound bites you but does no damage.
The hound bites you but does no damage. The hound bites you but does no damage.
The hound bites you but does no damage.
The orc priest calls down the wrath of Beogh upon you.
Beogh smites you!
You die...

#..##.# #...........o
########..##.#########.......o
*
,.......................#######
*
########..##...#.####.##*.{.o.
#..####.....##{# ..8... , #..#
#.#.#.##.#$......
#..####.#....o.#o.....o
######..............#$...... ,
.......>.<..@h.o..##.##..8...
########...##.######.# #.....
#.#........ ... *#####
#...##.#### ##.. #..###.# ### *
########..###.#* * * , ,
.......<.....(.. ,
##.#.###..##.### , * #..# .# ,
,


You could see a hound, an orc priest and an orc.

Vanquished Creatures
  An orc priest (D:3)
  Robin (D:2)
  6 adders
  2 oozes (D:2)
  3 dart slugs
  A leopard gecko (D:2)
  2 orcs
  13 goblins
  8 hobgoblins
  3 jackals (D:2)
  A quokka (D:2)
  3 ball pythons
  8 bats
  3 frilled lizards
  7 kobolds
  7 rats
69 creatures vanquished.

Notes
Turn   | Place    | Note
-------+----------+-------------------------------------------
     0 | Abyss:1  | Kairos the Formicid Abyssal Knight began the quest for the
                  | Orb.
     0 | Abyss:1  | Reached XP level 1. HP: 18/18 MP: 2/2
    65 | Abyss:2  | Noticed a small abomination
    76 | D:1      | Escaped the Abyss
   104 | D:1      | Reached * piety under Lugonu
   179 | D:1      | Reached XP level 2. HP: 25/25 MP: 3/3
   839 | D:1      | Reached XP level 3. HP: 30/30 MP: 4/4
  1272 | D:2      | Reached XP level 4. HP: 32/37 MP: 5/5
  1328 | D:2      | Noticed Robin
  1344 | D:2      | Reached ** piety under Lugonu
  1371 | D:2      | Killed Robin
  1387 | D:2      | Reached skill level 1 in Dodging
  1417 | D:2      | Found a hazy altar of Hepliaklqana.
  1540 | D:2      | Reached XP level 5. HP: 37/43 MP: 6/6
  1658 | D:2      | Gained mutation: You passively map a small area around you.
                  | [potion of mutation]
  1658 | D:2      | Gained mutation: Your spells are a little harder to cast,
                  | but a little more powerful. [potion of mutation]
  2424 | D:3      | Found a glowing silver altar of Zin.
  2424 | D:3      | Found a burning altar of Makhleb.
  2559 | D:3      | Found a sacrificial altar of Ru.
  2573 | D:3      | Found a basalt altar of Yredelemnul.
  2781 | D:4      | Killed from afar by an orc priest

Skill      XL: |  1  2  3  4  5 |
---------------+----------------+-----
Fighting       | 4 |  4.5
Polearms       | 3 4 |  4.5
Dodging        | 1 |  1.1
Armour         | |  2.6
Invocations    | |  2.2

Action                   |  1- 3 |  4- 6 || total
-------------------------+-------+-------++-------
Melee: Spear             |   100 |   188 ||   288
Invok: Depart the Abyss  |     1 |       ||     1
 Abil: Dig               |       |     1 ||     1
  Use: Scroll            |     2 |     2 ||     4
       Potion            |       |     1 ||     1
  Eat: Chunk             |     1 |     5 ||     6
Armor: Leather armour    |     3 |       ||     3
       Scale mail        |    18 |    61 ||    79
       Ring mail         |     1 |       ||     1
Dodge: Dodged            |    38 |    61 ||    99
Block: Other             |    14 |    38 ||    52
       Reflection        |     1 |       ||     1
